 Dungeon Crawl Stone Soup version 0.27-a0-323-gbd089401bb (webtiles) character file.

Game seed: 17407399207256432732

380 tabyourdongers the Sneak (level 6, -7/54 (61) HPs)
             Began as a Troll Delver on Feb 10, 2021.
             Mangled by a wight
             ... wielding a +5 dire flail
              (20 damage)
             ... on level 8 of the Dungeon.
             The game lasted 00:00:53 (435 turns).

tabyourdongers the Sneak (Troll Delver)              Turns: 435, Time: 00:00:54

HP:   -7/54 (61)    AC:  6    Str: 23    XL:     6   Next: 46%
MP:   5/5           EV: 10    Int:  6    God:
Gold: 4             SH:  0    Dex: 11    Spells: 5/5 levels left

rFire    . . .     SeeInvis .     - Unarmed
rCold    . . .     Faith    .   (no shield)
rNeg     . . .     Spirit   .   a - +0 robe
rPois    .         Reflect  .   (helmet restricted)
rElec    .         Harm     .   (no cloak)
rCorr    .         Rampage  .   (gloves unavailable)
Will     .....                  (boots unavailable)
Stlth    ++........             (no amulet)
HPRegen  0.58/turn              (no ring)
MPRegen  0.09/turn              (no ring)

@: heavily drained
A: large, unfitting armour, claws 3, regeneration 1, shaggy fur 1, tough skin 3
a: no special abilities


You were on level 8 of the Dungeon.
You visited 1 branch of the dungeon, and saw 4 of its levels.

You collected 4 gold pieces.

Inventory:

Armour
 a - a +0 robe (worn)
Wands
 f - a wand of digging (3)
 g - a wand of mindburst (16)
Scrolls
 b - a scroll of fog
 c - a scroll of magic mapping
 d - a scroll of fear
Potions
 e - a potion of haste
 h - a potion of might {unknown}
 i - a potion of magic {unknown}
 j - a potion of ambrosia {unknown}


   Skills:
 + Level 3.2 Fighting
 + Level 2.1 Dodging
 + Level 4.4 Stealth
 + Level 3.1 Unarmed Combat


You had 5 spell levels left.
You didn't know any spells.
Your spell library was empty.

Dungeon Overview and Level Annotations

Branches:
Dungeon (8/15)             Temple (0/1) D:6
   Lair: D:8-11

Altars:


Innate Abilities, Weirdness & Mutations

You are too large for most types of armour.
You have claws for hands.
Your natural rate of healing is unusually fast.
You are covered in fur. (AC +1)
You have extremely tough skin. (AC +3)


Message History

The wight hits you from afar with a +4 trident.
You feel drained.
You claw the wight!
The wight is severely damaged.
The wight hits you with a +0 battleaxe.
The wight hits you from afar with a +4 trident.
You feel drained.
You barely miss the wight.
The wight is severely damaged.
You claw the wight!
You destroy the wight!
The wight hits you but does no damage.
Your Unarmed Combat skill increases to level 3! 2 wights come into view.
The wight closely misses you. The wight hits you with a +4 trident!
You feel drained.
Found a stone staircase leading down.
Things that are here:
a +0 battleaxe; a +0 robe; 9 gold pieces You closely miss the wight.
The wight barely misses you. The wight hits you with a +4 trident!
You feel drained.
You are too injured to fight recklessly!
You are too injured to fight recklessly!
You are too injured to fight recklessly!
You are too injured to fight recklessly!
The wight hits you from afar with a +4 trident.
You scratch the wight.
The wight is heavily damaged.
The wight hits you with a +5 dire flail!
* * * LOW HITPOINT WARNING * * *
The wight hits you from afar with a +4 trident.
* * * LOW HITPOINT WARNING * * *
You feel drained.
You barely miss the wight.
The wight is heavily damaged.
The wight misses you. The wight hits you but does no damage.
You scratch the wight but do no damage.
The wight is heavily damaged.
The wight hits you with a +5 dire flail!!
You die...

.##....#.#
#.#.##
<###...#.#
#.###.## .. #..#
##.# .## #.#
##..# #z
#.#.###.# ####.
#.#......#
z..>#####..###.#
#..#..$.......#
#..#@###..###.#
#.zz.# #....# #.
#.#### #.##.#
#.##.# #.# .#
#.##.## ..# # .#
#.#...## ### .#
#.....<# ##
##......#
##.......#


You could see 2 wights.

Vanquished Creatures
  A sky beast (D:8)
  An ogre (D:8)
  2 bullfrogs
  A wight (D:8)
  A hound (D:8)
  An adder (D:8)
  An adder skeleton (D:8)
8 creatures vanquished.

Notes
Turn   | Place    | Note
-------+----------+-------------------------------------------
     0 | D:5      | tabyourdongers the Troll Delver began the quest for the
                  | Orb.
     0 | D:5      | Reached XP level 1. HP: 22/22 MP: 0/0
     4 | D:6      | Found a staircase to the Ecumenical Temple.
     4 | D:6      | Noticed an orc priest
     9 | D:7      | Noticed a bullfrog
    20 | D:7      | Killed a bullfrog
    21 | D:7      | Reached skill level 3 in Stealth
    21 | D:7      | Reached XP level 2. HP: 11/29 MP: 1/1
    21 | D:7      | Reached XP level 3. HP: 13/36 MP: 2/2
    65 | D:8      | Noticed a bullfrog
    76 | D:8      | Killed a bullfrog
    77 | D:8      | Reached XP level 4. HP: 22/44 MP: 3/3
   178 | D:8      | Noticed a sky beast
   190 | D:8      | Killed a sky beast
   191 | D:8      | Reached skill level 4 in Stealth
   191 | D:8      | Reached XP level 5. HP: 37/53 MP: 4/4
   234 | D:8      | Noticed an ogre
   242 | D:8      | Killed an ogre
   243 | D:8      | Reached XP level 6. HP: 37/61 MP: 5/5
   435 | D:8      | Mangled by a wight

Illustrated notes

Levels and vault maps discovered:
D:5:      layout_loops_ring, minitemple, gup_sewer_entry_pipe,
          nicolae_qazlal_eye_of_the_storm, uniq_sigmund, uniq_grinder,
          uniq_pikel
D:6:      layout_rooms, minmay_temple_entry_proselytizer, minivault_19,
          st_stairs_11
D:7:      layout_gridville, uniq_crazy_yiuf_cottage
D:8:      layout_loops_ring, grunt_temple_overflow_opulence, basic_altar,
          uniq_prince_ribbit1

Skill      XL: |  1  2  3  4  5  6 |
---------------+-------------------+-----
Stealth        | 3 4 |  4.4
Fighting       | 3 |  3.2
Dodging        | 2 |  2.1
Unarmed Combat | 3 |  3.1

Action                   |  1- 3 |  4- 6 || total
-------------------------+-------+-------++-------
Melee: Unarmed           |    12 |    37 ||    49
 Stab: Sleeping          |     1 |     4 ||     5
Armor: Robe              |     6 |     9 ||    15
Dodge: Dodged            |     5 |    16 ||    21

Table legend: (Time is in decaauts)
 A = Elapsed time spent in this place.
 B = Non-inter-level travel time spent in this place.
 C = Inter-level travel time spent in this place.
 D = Time resting spent in this place.
 E = Time spent auto-exploring this place.
 F = Levels seen in this place.
 G = Mean time per level.
                   A        B        C        D        E       F      G
               +--------+--------+--------+--------+--------+-----+--------+
         Total |    431 |    431 |      0 |     39 |    289 |   4 |  107.8 |
       Dungeon |    431 |    431 |      0 |     39 |    289 |   4 |  107.8 |
               +--------+--------+--------+--------+--------+-----+--------+

Top non-repeatable levels by time:
     D:8: 367 daAuts
     D:7: 55 daAuts
     D:6: 7 daAuts
     D:5: 1 daAuts
